 Dungeon Crawl Stone Soup version 0.27.1-34-g3ba077fa99 (webtiles) character file.

Game seed: 17895939976867528399

391 pkoi the Ruffian (level 6, -8/52 HPs)
             Began as a Draconian Monk on Jan 14, 2022.
             Mangled by an ogre (27 damage)
             ... on level 4 of the Dungeon.
             The game lasted 00:04:50 (4299 turns).

pkoi the Ruffian (Draconian Monk)                   Turns: 4299, Time: 00:04:51

Health: -8/52      AC:  6    Str: 14    XL:     6   Next: 50%
Magic:  10/10      EV: 13    Int: 12    God:
Gold:   192        SH:  0    Dex: 19    Spells: 11/11 levels left

rFire    . . .     SeeInvis .   h - +1 dagger (venom)
rCold    . . .     Faith    .   (no shield)
rNeg     . . .     Spirit   .   (armour unavailable)
rPois    .         Reflect  .   (helmet restricted)
rElec    .         Harm     .   (no cloak)
rCorr    .         Rampage  .   (no gloves)
Will     .....                  (no boots)
Stlth    +++.......             (no amulet)
HPRegen  0.17/turn              f - +6 ring of dexterity
MPRegen  0.12/turn              (no ring)

@: no status effects
A: AC +6, unfitting armour, cold-blooded
a: no special abilities


You were on level 4 of the Dungeon.
You visited 1 branch of the dungeon, and saw 4 of its levels.

You collected 192 gold pieces.

Inventory:

Hand Weapons
 g - a +0 dagger
 h - a +1 dagger of venom (weapon)
Missiles
 q - 8 poisoned darts (quivered)
Jewellery
 f - a +6 ring of dexterity (left hand)
Scrolls
 d - a scroll of enchant armour {unknown}
 e - a scroll of noise {unknown}
 j - 2 scrolls of identify {unknown}
 k - 2 scrolls of immolation {unknown}
 m - a scroll of amnesia {unknown}
 n - a scroll of vulnerability {unknown}
 p - a scroll of enchant weapon {unknown}
 r - a scroll of teleportation {unknown}
Potions
 a - a potion of lignification {unknown}
 b - a potion of cancellation {unknown}
 c - a potion of might
 i - a potion of resistance {unknown}
 l - 4 potions of curing {unknown}
 o - 2 potions of brilliance {unknown}


   Skills:
 - Level 4.0 Fighting
 - Level 3.0 Dodging
 - Level 3.0 Stealth
 + Level 5.4 Unarmed Combat
 - Level 3.0 Spellcasting


You had 11 spell levels left.
You didn't know any spells.
Your spell library contained the following spells:

 Spells                   Type           Power      Damage    Failure   Level
 Magic Dart               Conj           4%         1d3       24%         1
 Corpse Rot               Necr/Air       N/A        N/A       36%         2
 Poisonous Vapours        Pois/Air       2%         N/A       36%         2
 Searing Ray              Conj           2%         3d3       36%         2
 Gell's Gravitas          Tloc           0%         N/A       58%         3
 Teleport Other           Tloc           1%         N/A       58%         3
 Fulminant Prism          Conj/Hex       0%         3d6       94%         4
 Freezing Cloud           Conj/Ice/Air   0%         6-21      100%        5
 Dispersal                Tloc           0%         N/A       100%        6


Dungeon Overview and Level Annotations

Branches:
Dungeon (4/15)
 Temple: D:4-7

Altars:
Sif Muna


Innate Abilities, Weirdness & Mutations

Your plain brown scales are hard. (AC +6)
You cannot fit into any form of body armour.
You are cold-blooded and may be slowed by cold attacks.


Message History

No target in view!
No target in view!
No target in view!
No target in view!
No target in view!
No target in view!
You now have 192 gold pieces (gained 7).
You open the door.
There is an open door here.
You open the door.
There is an open door here.
Found a hunting sling.
Found a stone staircase leading up.
You see here a +0 hunting sling.
There is an open door here.
You see here 20 stones.
You open the door.
An ogre comes into view. It is wielding a +0 giant spiked club.
An ogre is nearby!
There is an open door here.
Your +1 dagger of venom begins to drip with poison!
h - a +1 dagger of venom (weapon)
The helpless ogre fails to defend itself.
You puncture the ogre! You tail-slap the ogre.
The ogre is heavily wounded.
The ogre hits you with a +0 giant spiked club.
You hit the ogre but do no damage.
The ogre is poisoned.
The ogre is heavily wounded.
The ogre hits you with a +0 giant spiked club!!
Ouch! That really hurt!
* * * LOW HITPOINT WARNING * * *
There is an open door here.
You see here 20 stones.
The ogre looks more healthy.
You see here 9 arrows.
You barely miss the ogre. You tail-slap the ogre.
The ogre is severely wounded.
The ogre hits you with a +0 giant spiked club!!
Ouch! That really hurt!
You die...

..).....##....#......#.........#
........#######......#...[.....#
#.......##....#......+.........#
#.......##....#..>...#.........#
..............#......#...####.##
..............'......#...####.###
........##....#......#...........
........##....#......#...........
.........#....#.@....#...........
##########....#..O...#.....######
#....#......#.....#.....
#....#......#.....'.....
#....#......#+#####.....
#....#..................
#)...#..................
#...##.............#####
#<..########.......# ..


You could see an ogre.

Vanquished Creatures
  A howler monkey (D:4)
  A jelly (D:4)
  A centaur skeleton (D:4)
  2 orc wizards
  A hound skeleton (D:4)
  Robin (D:3)
  11 adders
  4 gnolls
  2 worms (D:2)
  An orc (D:3)
  7 bats
  3 endoplasms
  5 giant cockroaches
  18 goblins
  4 hobgoblins
  5 kobolds
  6 quokkas
  10 ball pythons
  4 frilled lizards
  8 rats
95 creatures vanquished.

Notes
Turn   | Place    | Note
-------+----------+-------------------------------------------
     0 | D:1      | pkoi the Draconian Monk began the quest for the Orb.
     0 | D:1      | Reached XP level 1. HP: 19/19 MP: 1/1
   420 | D:1      | Reached XP level 2. HP: 26/26 MP: 2/2
   883 | D:2      | Found a shimmering blue altar of Sif Muna.
   978 | D:2      | Reached XP level 3. HP: 31/31 MP: 4/4
  1200 | D:2      | Reached skill level 1 in Spellcasting
  1499 | D:2      | Reached XP level 4. HP: 33/40 MP: 5/5
  1791 | D:2      | Found a faded altar of an unknown god.
  1939 | D:3      | Noticed Robin
  1962 | D:2      | Reached XP level 5. HP: 20/46 MP: 7/7
  2292 | D:2      | Reached skill level 4 in Unarmed Combat
  2663 | D:3      | Killed Robin
  3251 | D:3      | Reached XP level 6. HP: 30/52 MP: 10/10
  3843 | D:4      | Reached skill level 5 in Unarmed Combat
  4299 | D:4      | Mangled by an ogre

Illustrated notes

Levels and vault maps discovered:
D:1:      zaba_arrival_water, layout_basic
D:2:      layout_loops_ring, basic_altar, ebering_ecumenical_altar_mist,
          supply_closet_lemuel, serial_bayou_pond_a, minmay_snake_closets
D:3:      layout_rooms, uniq_robin
D:4:      layout_gridville

Skill      XL: |  1  2  3  4  5  6 |
---------------+-------------------+-----
Stealth        | 2 3 |  3.0
Dodging        | 3 |  3.0
Spellcasting   | 1 2 3 |  3.0
Fighting       | 4 |  4.0
Unarmed Combat | 4 5 |  5.4

Action                   |  1- 3 |  4- 6 || total
-------------------------+-------+-------++-------
Melee: Unarmed           |    22 |    95 ||   117
       Tailslap          |    19 |    28 ||    47
       Dagger            |    76 |    56 ||   132
       Punch             |     2 |     6 ||     8
  Use: Potion            |       |     1 ||     1
 Stab: Sleeping          |     9 |    12 ||    21
Armor: Skin              |    15 |    71 ||    86
Dodge: Dodged            |    63 |   140 ||   203
